 Dungeon Crawl Stone Soup version 0.26-a0-651-gb41185065b (webtiles) character file.

Game seed: 15461453899245368559

10348 Flugslaktarn the Cleaver (level 11, -7/106 HPs)
             Began as a Deep Dwarf Fighter on Oct 6, 2020.
             Was a High Priest of Makhleb.
             Collided with a metal wall (15 damage)
             ... caused by a wretched star
             ... on level 2 of the Abyss.
             The game lasted 00:05:29 (7593 turns).

Flugslaktarn the Cleaver (Deep Dwarf Fighter)       Turns: 7593, Time: 00:05:30

Health: -7/106     AC: 19    Str: 28    XL:     11   Next: 35%
Magic:  7/7        EV:  7    Int: 10    God:    Makhleb [*****.]
Gold:   624        SH: 14    Dex: 12    Spells: 10/10 levels left

rFire    . . .     SeeInvis .   a - +1 war axe
rCold    . . .     Faith    .   p - +2 kite shield
rNeg     . . .     Spirit   .   f - +0 plate armour
rPois    .         Reflect  .   (no helmet)
rElec    .         Harm     .   (no cloak)
rCorr    .         Rampage  .   b - +2 pair of gloves
MR       +....                  u - +1 pair of boots
Stlth    ..........             (no amulet)
HPRegen  0.00/turn              o - ring of flight
MPRegen  0.10/turn              d - +6 ring of strength

@: very slightly contaminated, non-regenerating, studying Dodging, invisible
A: damage resistance, heal wounds, [blurry vision 3], sense surroundings 2, no
regeneration
a: Heal Wounds, Minor Destruction, Lesser Servant of Makhleb, Major Destruction,
Greater Servant of Makhleb, Renounce Religion, Evoke Flight


You were on level 2 of the Abyss.
You worshipped Makhleb.
Makhleb was extremely pleased with you.
You visited 2 branches of the dungeon, and saw 12 of its levels.
You visited the Abyss 1 time.

You collected 624 gold pieces.

Inventory:

Hand Weapons
 a - a +1 war axe (weapon)
Armour
 b - a +2 pair of gloves (worn)
   (You found it on level 3 of the Dungeon)
 f - a +0 plate armour (worn)
   (You took it off an orc warrior on level 9 of the Dungeon)
 n - a +0 tower shield
   (You found it on level 7 of the Dungeon)
 p - a +2 kite shield (worn)
   (You found it on level 10 of the Dungeon)
 u - a +1 pair of boots (worn)
   (You found it on level 6 of the Dungeon)
Jewellery
 d - a +6 ring of strength (right hand)
   (You found it on level 9 of the Dungeon)
 o - a ring of flight (left hand)
   (You found it on level 7 of the Dungeon)
Wands
 k - a wand of enslavement (3)
   (You found it on level 9 of the Dungeon)
 m - a wand of iceblast (13)
   (You found it on level 7 of the Dungeon)
 v - a wand of acid (1)
   (You found it on level 6 of the Dungeon)
Scrolls
 g - 5 scrolls of immolation
 i - a scroll of fog
 l - 3 scrolls of enchant weapon
 r - 2 scrolls of identify
 t - 2 scrolls of teleportation
 x - 5 scrolls of remove curse
 y - a scroll of holy word {unknown}
Potions
 e - a potion of cancellation
 h - a potion of haste
 q - 3 potions of curing
 s - a potion of lignification
 w - a potion of berserk rage {unknown}
Books
 c - a manual of Dodging
   (You found it on level 10 of the Dungeon)


   Skills:
 * Level 9.3 Fighting
 * Level 10.6 Axes
 + Level 8.1 Armour
 + Level 2.0 Dodging
 + Level 8.1 Shields
 + Level 8.1 Invocations
 + Level 3.7 Evocations


You had 10 spell levels left.
You didn't know any spells.
Your spell library was empty.

Dungeon Overview and Level Annotations

Branches:
Dungeon (11/15)            Temple (1/1) D:4            Lair (0/6) D:9
    Orc (0/2) D:9

Altars:
Ashenzari
Cheibriados
Dithmenos
Elyvilon
Fedhas
Gozag
Hepliaklqana
Kikubaaqudgha
Makhleb
Nemelex Xobeh
Okawaru
Qazlal
Ru
Sif Muna
Trog
Uskayaw
Vehumet
Wu Jian
Xom
Yredelemnul
Zin
The Shining One

Portals:
Bailey: D:11


Innate Abilities, Weirdness & Mutations

You are resistant to damage.
You can heal yourself by infusing magical energy.
You passively map the area around you.
You do not regenerate.
[Scrolls take you much longer to read.]


Message History

You are too injured to fight recklessly!
You hit the wretched star but do no damage.
The wretched star is severely damaged.
The wretched star glows turbulently.
The lance of force hits you!
* * * LOW HITPOINT WARNING * * *
You feel much better.
The wretched star glows turbulently.
The lance of force hits you!
* * * LOW HITPOINT WARNING * * *
You fail to use your ability.
The wretched star glows turbulently.
The lance of force misses you.
You are too injured to fight recklessly!
You closely miss the wretched star.
The wretched star is severely damaged.
The wretched star glows turbulently.
The lance of force hits you!
* * * LOW HITPOINT WARNING * * *
You die...

.## .. #
.. #. . .
.#. #
####.###.#
# #...*#.
.# ## #.#
#. #@#. .#
(.# #.
####..###
#
.#.....##
..# #.. ..
..##.##..#
## .
.##......
##.#.#
..... .. #
#. ..
....# .# .
# .# ..
......# #
. ## ###..
... ..


You could see a wretched star.

Vanquished Creatures
  2 two-headed ogres
  Pikel (D:8)
  An ugly thing (D:11)
  2 trolls
  Prince Ribbit (D:7)
  A hornet (D:8)
  Grinder (D:3)
  A hippogriff (D:7)
  A vampire (D:9)
  2 wyverns
  A steam dragon (D:11)
  10 orc warriors
  2 sky beasts
  A necrophage (D:11)
  2 ice beasts
  2 phantoms
  2 ogres
  3 wolves (D:9)
  A centaur (D:9)
  A crocodile (D:10)
  3 big kobolds
  8 bullfrogs
  A water moccasin zombie (D:8)
  3 scorpions
  6 killer bees (D:9)
  3 electric eels (D:9)
  4 howler monkeys
  3 wights (D:6)
  2 bullfrog zombies
  2 centaur zombies
  12 hounds
  6 orc priests
  13 orc wizards
  A bullfrog skeleton (D:6)
  3 jellies
  8 iguanas
  10 worker ants
  2 hound zombies (D:6)
  A howler monkey zombie (D:9)
  A worker ant zombie (D:10)
  6 gnolls
  A howler monkey skeleton (D:5)
  7 adders
  2 shadow imps
  2 white imps
  An adder zombie (D:5)
  An adder skeleton (D:6)
  5 leopard geckos
  79 orcs
  4 bats (D:3)
  A giant cockroach (D:4)
  6 goblins (D:3)
  3 hobgoblins (D:3)
  9 jackals
  19 kobolds
  7 quokkas
  A frilled lizard (D:4)
  A giant cockroach zombie (D:5)
  A leopard gecko skeleton (D:4)
  A leopard gecko zombie (D:5)
  A quokka skeleton (D:4)
  A quokka zombie (D:5)
  2 rats (D:3)
291 creatures vanquished.

Vanquished Creatures (collateral kills)
  A deep elf mage (D:9)
  A troll (D:9)
2 creatures vanquished.

Vanquished Creatures (others)
  A human (D:5)
  An orc wizard (D:9)
2 creatures vanquished.

Grand Total: 295 creatures vanquished

Notes
Turn   | Place    | Note
-------+----------+-------------------------------------------
     0 | D:1      | Flugslaktarn the Deep Dwarf Fighter began the quest for the
                  | Orb.
     0 | D:1      | Reached XP level 1. HP: 20/20 MP: 1/1
    10 | D:2      | Reached XP level 2. HP: 27/27 MP: 2/2
    47 | D:3      | Noticed Grinder
    53 | D:3      | Paralysed by Grinder for 3 turns
    61 | D:3      | Killed Grinder
    61 | D:3      | Reached skill level 4 in Axes
    61 | D:3      | Reached XP level 3. HP: 15/36 MP: 3/3
    61 | D:3      | Reached XP level 4. HP: 19/44 MP: 4/4
    61 | D:3      | Reached XP level 5. HP: 22/50 MP: 5/5
   234 | D:3      | Reached XP level 6. HP: 34/57 MP: 6/6
   501 | D:4      | Found a staircase to the Ecumenical Temple.
   508 | Temple   | Entered the Ecumenical Temple
   658 | Temple   | Became a worshipper of Makhleb the Destroyer
   784 | D:4      | Reached skill level 1 in Invocations
   828 | D:4      | Found a glowing silver altar of Zin.
   879 | D:4      | Reached skill level 5 in Axes
   884 | D:4      | Reached XP level 7. HP: 54/66 MP: 4/4
  1174 | D:5      | Entered Level 5 of the Dungeon
  1214 | D:5      | Reached * piety under Makhleb
  1515 | D:5      | Reached skill level 5 in Fighting
  1648 | D:5      | Reached skill level 5 in Armour
  1681 | D:5      | Reached skill level 5 in Shields
  1730 | D:5      | Found an ancient bone altar of Kikubaaqudgha.
  1732 | D:5      | Noticed a human
  1732 | D:5      | Killed a human
  2190 | D:6      | Reached skill level 6 in Axes
  2190 | D:6      | Reached XP level 8. HP: 43/75 MP: 5/5
  2277 | D:6      | Reached ** piety under Makhleb
  2285 | D:6      | Found a stormy altar of Qazlal.
  2550 | D:6      | You fall into a shaft and drop 3 floors!
  2698 | D:9      | Reached skill level 7 in Axes
  2736 | D:9      | Found a staircase to the Orcish Mines.
  2779 | D:9      | Gained mutation: You passively map the area around you.
                  | [Deep Dwarf growth]
  2779 | D:9      | Reached XP level 9. HP: 57/85 MP: 5/5
  2914 | D:9      | Reached *** piety under Makhleb
  2953 | D:9      | Noticed a troll
  2976 | D:9      | Reached skill level 5 in Invocations
  2986 | D:9      | Killed a troll
  3048 | D:8      | Noticed a two-headed ogre
  3049 | D:8      | Paralysed by a hornet for 2 turns
  3055 | D:8      | Paralysed by a hornet for 1 turns
  3057 | D:8      | Reached skill level 8 in Axes
  3082 | D:8      | Killed a two-headed ogre
  3122 | D:8      | Noticed Pikel
  3135 | D:8      | Killed Pikel
  3135 | D:8      | Reached XP level 10. HP: 47/96 MP: 5/5
  3148 | D:8      | Reached skill level 9 in Axes
  3452 | D:7      | Noticed Prince Ribbit
  3811 | D:7      | Killed Prince Ribbit
  3813 | D:7      | Reached **** piety under Makhleb
  3926 | D:7      | Got a pitted jade amulet
  4451 | D:8      | Identified the amulet of the Firefly {Inacc rPois Str+4
                  | Dex+2} (You found it on level 7 of the Dungeon)
  4966 | D:8      | Found a bloodstained altar of Trog.
  5066 | D:9      | Found a staircase to the Lair.
  5093 | D:9      | Reached skill level 1 in Evocations
  5390 | D:9      | Noticed a deep elf mage
  5395 | D:9      | Killed a deep elf mage
  5395 | D:9      | Reached skill level 10 in Axes
  5686 | D:9      | Found a white marble altar of Elyvilon.
  5920 | D:10     | Entered Level 10 of the Dungeon
  6154 | D:10     | Reached XP level 11. HP: 104/104 MP: 6/6
  6268 | D:10     | Noticed a two-headed ogre
  6275 | D:10     | Reached ***** piety under Makhleb
  6284 | D:10     | Killed a two-headed ogre
  7133 | D:11     | Reached skill level 1 in Dodging
  7259 | D:11     | Noticed a green ugly thing
  7283 | D:11     | Killed a green ugly thing
  7547 | D:11     | Found a flagged portal.
  7552 | D:11     | Cast into level 2 of the Abyss (orc warrior)
  7572 | Abyss:2  | Noticed a wretched star
  7590 | Abyss:2  | HP: 5/106 [wretched star/lance of force (5)]
  7593 | Abyss:2  | Collided with a metal wall

Illustrated notes

Levels and vault maps discovered:
D:1:      dpeg_arrival_caged_fury, layout_loops_ring
D:2:      layout_loops_ring, minmay_pentomino_o4, uniq_robin
D:3:      kennysheep_the_goblin_king, layout_loops_ring, uniq_grinder
D:4:      layout_basic, nicolae_overflow_crystal_walls,
          minmay_temple_entry_steel_oval, serial_glass, glass_columns_b,
          glass_columns_b, glass_columns_b, minmay_diced_spiral
D:5:      layout_basic, tgw_kikubaaqudgha
D:6:      layout_rooms, nicolae_qazlal_general_emergency, minivault_27
D:7:      layout_cave_pods, uniq_prince_ribbit1
D:8:      layout_basic, kennysheep_mini, uniq_pikel
D:9:      layout_layer_cave, elyvilon_altar_5, erik_lair_island,
          hiddenorc2_lemuel, guppyfry_early_elven_hall
D:10:     layout_stronghold
D:11:     layout_roguey, enter_bailey_2
Temple:   regret_index_temple_mists
Abyss:2:  base:
Bailey

Skill      XL: |  1  2  3  4  5  6  7  8  9 10 11 |
---------------+----------------------------------+-----
Fighting       | 3 4 5 6 7 8 9 |  9.3
Axes           | 4 5 6 7 8 10 | 10.6
Armour         | 4 5 6 7 8 |  8.1
Shields        | 4 5 6 7 8 |  8.1
Invocations    | 1 3 4 6 7 8 |  8.1
Evocations     | 2 3 |  3.7
Dodging        | 2 |  2.0

Action                   |  1- 3 |  4- 6 |  7- 9 | 10-12 || total
-------------------------+-------+-------+-------+-------++-------
Melee: War axe           |    20 |   111 |   418 |   560 ||  1109
Invok: Lesser Servant of |       |       |       |     2 ||     2
 Abil: Heal Wounds       |       |     4 |    20 |    12 ||    36
Evoke: Wand              |       |       |       |     9 ||     9
  Use: Scroll            |       |       |    11 |     6 ||    17
       Potion            |       |       |     3 |     2 ||     5
 Stab: Invisible         |       |       |     5 |       ||     5
Armor: Scale mail        |     7 |    60 |   115 |       ||   182
       Plate armour      |       |       |   105 |   331 ||   436
Dodge: Dodged            |     9 |    46 |   104 |    79 ||   238
Block: Kite shield       |     9 |    59 |   255 |   175 ||   498
       Tower shield      |       |       |       |   269 ||   269

Table legend: (Time is in decaauts)
 A = Elapsed time spent in this place.
 B = Non-inter-level travel time spent in this place.
 C = Inter-level travel time spent in this place.
 D = Time resting spent in this place.
 E = Time spent auto-exploring this place.
 F = Levels seen in this place.
 G = Mean time per level.
                   A        B        C        D        E       F      G
               +--------+--------+--------+--------+--------+-----+--------+
         Total |   7861 |   7542 |    319 |      0 |   5411 |  13 |  604.7 |
       Dungeon |   7609 |   7333 |    276 |      0 |   5226 |  11 |  691.7 |
        Temple |    211 |    169 |     42 |      0 |    166 |   1 |  211.0 |
         Abyss |     40 |     40 |      0 |      0 |     19 |   1 |   40.0 |
               +--------+--------+--------+--------+--------+-----+--------+

Top non-repeatable levels by time:
     D:9: 1428 daAuts
    D:10: 1076 daAuts
     D:8: 985 daAuts
     D:5: 979 daAuts
     D:7: 825 daAuts
     D:6: 676 daAuts
     D:4: 639 daAuts
    D:11: 564 daAuts
     D:3: 401 daAuts
  Temple: 211 daAuts
 Abyss:2: 40 daAuts
     D:2: 31 daAuts
     D:1: 2 daAuts
